 Dungeon Crawl Stone Soup version 0.22-a0-579-gb62a27e (webtiles) character file.

49 royokou the Conjurer (level 3, 0/19 HPs)
             Began as a Deep Elf Conjurer on July 1, 2018.
             Succumbed to a worker ant's poison
             ... on level 2 of the Dungeon.
             The game lasted 00:03:04 (801 turns).

royokou the Conjurer (Deep Elf Conjurer)             Turns: 801, Time: 00:03:05

Health: 0/19       AC:  5    Str: 11    XL:     3   Next: 51%
Magic:  0/10       EV: 13    Int: 19    God:
Gold:   22         SH:  0    Dex: 15    Spells: 7/10 levels left

rFire    . . .     SeeInvis .   b - +0 club (curse)
rCold    . . .     Gourm    .   (no shield)
rNeg     . . .     Faith    .   j - +0 robe
rPois    .         Spirit   .   f - +2 helmet
rElec    .         Reflect  .   (no cloak)
rCorr    .         Harm     .   (no gloves)
MR       .....                  (no boots)
Stlth    ++........             (no amulet)
HPRegen  0.06/turn              (no ring)
MPRegen  0.12/turn              (no ring)

@: mighty, lethally poisoned (0 -> -13)
A: no striking features
a: no special abilities


You were on level 2 of the Dungeon.
You were not hungry.

You visited 1 branch of the dungeon, and saw 2 of its levels.

You collected 22 gold pieces.

Inventory:

Hand Weapons
 b - a cursed +0 club (weapon)
 d - a +0 dagger
Armour
 a - a +0 robe
 f - a +2 helmet (worn)
 j - a +0 robe (worn)
 m - a +0 buckler
Potions
 g - a potion of invisibility {unknown}
 h - a potion of resistance {unknown}
 i - a potion of brilliance {unknown}
 l - a potion of heal wounds {unknown}
Comestibles
 c - 2 rations


   Skills:
 - Level 2.4 Dodging
 - Level 2.4 Stealth
 + Level 4.0 Spellcasting
 * Level 5.4 Conjurations


You had 7 spell levels left.
You knew the following spells:

 Your Spells              Type           Power        Failure   Level  Hunger
a - Magic Dart            Conj           ###.         1%          1    None
b - Searing Ray           Conj           ###...       2%          2    ##.....

Your spell library contained the following spells:

 Spells                   Type           Power        Failure   Level  Hunger
 Iskenderun's Mystic Bla  Conj           ###.....     14%         4    ####...
 Fulminant Prism          Conj/Hex       ##........   41%         4    ####...
 Dazzling Spray           Conj/Hex       ##....       14%         3    ###....
 Force Lance              Conj/Tloc      ##......     41%         4    ####...


Dungeon Overview and Level Annotations

Branches:
Dungeon (2/15)

Altars:


Message History

You are more poisoned.
The worker ant poisons you!
Casting: Searing Ray (safe; 2% risk of failure)
Confirm with . or Enter, or press ? or * to list all spells.
Aiming: Magic Dart (safe; 1% risk of failure)
Press: ? - help, Shift-Dir - straight line, f/p - worker ant
Aim: a worker ant (almost dead)
The magic dart hits the worker ant.
You kill the worker ant!
Your Spellcasting skill increases to level 4!
You have reached level 3!
Your experience leads to an increase in your attributes!
Increase (S)trength, (I)ntelligence, or (D)exterity?
You feel stronger.
* * * LOW HITPOINT WARNING * * *
You feel sick.
You aren't carrying any scrolls.
It was a potion of might.
You feel very mighty all of a sudden.
You die...

.......
..... # .
......##.
... ...
.....#
##.#.#.#..
#...†.....
#@#
#..†....#
##.#.#.##
...... #.#
#.# ...
..# ... .#
... #


There were no monsters in sight!

Vanquished Creatures
  A worker ant (D:2)
  An ooze (D:1)
  A dart slug (D:2)
  3 bats (D:1)
  A goblin (D:1)
  4 hobgoblins (D:1)
  3 frilled lizards (D:1)
  9 rats (D:1)
23 creatures vanquished.

Notes
Turn   | Place    | Note
-------+----------+-------------------------------------------
     0 | D:1      | royokou the Deep Elf Conjurer began the quest for the Orb.
     0 | D:1      | Reached XP level 1. HP: 10/10 MP: 6/6
   199 | D:1      | Reached XP level 2. HP: 15/15 MP: 6/8
   203 | D:1      | Learned a level 2 spell: Searing Ray
   515 | D:1      | Reached skill level 5 in Conjurations
   800 | D:2      | Reached XP level 3. HP: 2/19 MP: 0/10
   801 | D:2      | Succumbed to a worker ant's poison

Vault maps used:
D:1:      lightli_arrival_noodles
D:2:      grunt_temple_overflow_opulence, minmay_misc_feat_secret_circle,
          st_stairs_8

Skill      XL: |  1  2 |
---------------+-------+-----
Conjurations   | 5 |  5.4
Spellcasting   | 4 |  4.0
Dodging        | |  2.4
Stealth        | |  2.4

Action                   || total
-------------------------++-------
Melee: Unarmed           ||     4
       Club              ||    10
 Cast: Magic Dart        ||    34
       Searing Ray       ||     4
  Use: Scroll            ||     2
       Potion            ||     1
Armor: Robe              ||     3
Dodge: Dodged            ||     9

Table legend:
 A = Spawn XP
 B = Non-spawn XP
 C = Spawn XP percentage of total XP
 D = Spawn monster count
 E = Non-spawn monster count
 F = Spawn count percentage of total count
 G = Total turns spent on level
                    A         B        C        D         E        F      G
               +---------+---------+-------+---------+---------+-------+---------
         Total |       0 |      70 |   0.0 |       0 |      23 |   0.0 |   801
               +---------+---------+-------+---------+---------+-------+---------
           D:1 |       0 |      33 |   0.0 |       0 |      21 |   0.0 |   791
           D:2 |       0 |      37 |   0.0 |       0 |       2 |   0.0 |    10
               +---------+---------+-------+---------+---------+-------+---------
